[ AOE2 MATCH · #486704854 ]
UnrankedGeorgians vs Jurchens
[ REPLAY ANALYSIS · EXTRACTED FROM THE RECORDED GAME ]
Feudal
12:39
Castle
27:37
Imperial
46:48
| APM avg | 42.9 |
| APM peak | 105 |
| eAPM avg | 23.9 |
| Villagers / military | 165 / 36 |
Focus
⚔️ 34.1% · 🌾 65.9%
Scout Cavalry ×19 · Knight ×6 · Battering Ram ×4 · Monk ×2 · Militia ×2 · Mangonel ×2
Feudal
13:15
Castle
16:49
Imperial
40:01
| APM avg | 49.9 |
| APM peak | 88 |
| eAPM avg | 20.2 |
| Villagers / military | 149 / 4 |
Focus
⚔️ 45.2% · 🌾 54.8%
Unknown (2562) ×132 · Trebuchet (Packed) ×3 · Monk ×1
Feudal
14:36
Castle
19:19
Imperial
41:20
| APM avg | 44.8 |
| APM peak | 85 |
| eAPM avg | 21.2 |
| Villagers / military | 127 / 124 |
Focus
⚔️ 30.5% · 🌾 69.5%
Steppe Lancer ×65 · Cavalry Archer ×52 · Fishing Ship ×9 · Scout Cavalry ×5 · Unknown (1908) ×2 · Archer ×1
Feudal
10:57
Castle
20:31
Imperial
46:55
| APM avg | 43.4 |
| APM peak | 80 |
| eAPM avg | 24.4 |
| Villagers / military | 164 / 85 |
Focus
⚔️ 45.9% · 🌾 54.1%
Cavalry Archer ×73 · Spearman ×9 · Scout Cavalry ×3
Feudal
12:15
Castle
30:44
Imperial
—
| APM avg | 45.9 |
| APM peak | 119 |
| eAPM avg | 25.4 |
| Villagers / military | 147 / 95 |
Focus
⚔️ 49.9% · 🌾 50.1%
Knight ×59 · Scout Cavalry ×36
Feudal
11:25
Castle
29:42
Imperial
—
| APM avg | 30.1 |
| APM peak | 106 |
| eAPM avg | 16.2 |
| Villagers / military | 111 / 59 |
Focus
⚔️ 30.4% · 🌾 69.6%
Archer ×29 · Scout Cavalry ×11 · Monk ×9 · Mangonel ×5 · Battering Ram ×5
Feudal
13:39
Castle
25:37
Imperial
44:50
| APM avg | 66.1 |
| APM peak | 149 |
| eAPM avg | 38.6 |
| Villagers / military | 132 / 41 |
Focus
⚔️ 70.0% · 🌾 30.0%
War Wagon ×22 · Skirmisher ×9 · Archer ×7 · Spearman ×1 · Iron Pagoda ×1 · Trebuchet (Packed) ×1
Feudal
12:48
Castle
16:32
Imperial
—
| APM avg | 50.9 |
| APM peak | 78 |
| eAPM avg | 29.3 |
| Villagers / military | 188 / 54 |
Focus
⚔️ 42.8% · 🌾 57.2%
Mameluke ×45 · Battering Ram ×4 · Spearman ×3 · Mangonel ×2
Match map
Initial resources + every placement click. Lines = walls · curves = elevation contours. ◆ gold · ⬟ stone · ● berries · ✦ relic · ◌ wall gap
Your base· Open — unwalled flank
DS_TheHeartless's base· Open — unwalled flank
[GDL] Nicky's base· Open — 8t gap
nordap's base· Open — unwalled flank
[GDL]BetoxAOE's base· Open — 5t gap
[GDL] MancazoPaTodo!'s base· Open — unwalled flank
DS_Moai's base· Open — 6t gap
VENÓN | Kevin's base· Open — unwalled flank
Smoothed initial terrain · ◌ = detected wall gap · hover for details
Inputs per minute
— DL | Tortafuller - - DS_TheHeartless
Build order — DL | Tortafuller
First 150 of 346 actions detected
| 0:29 | Build | Town Center |
| 0:52 | Build | House |
| 0:57 | Build | House |
| 1:08 | Build | House |
| 1:57 | Build | Palisade Wall |
| 1:59 | Build | Palisade Wall |
| 2:01 | Build | Palisade Wall |
| 2:02 | Build | Palisade Wall |
| 3:03 | Create | Villager (Male) |
| 3:03 | Create | Villager (Male) |
| 3:03 | Create | Villager (Male) |
| 3:04 | Create | Villager (Male) |
| 3:04 | Create | Villager (Male) |
| 4:16 | Create | Villager (Male) |
| 4:58 | Create | Villager (Male) |
| 4:59 | Create | Villager (Male) |
| 5:32 | Create | Villager (Male) |
| 5:33 | Create | Villager (Male) |
| 5:56 | Create | Villager (Male) |
| 6:23 | Create | Villager (Male) |
| 6:23 | Create | Villager (Male) |
| 6:39 | Build | Mill |
| 6:48 | Create | Villager (Male) |
| 6:48 | Create | Villager (Male) |
| 7:12 | Create | Villager (Male) |
| 7:13 | Create | Villager (Male) |
| 7:19 | Build | House |
| 7:59 | Create | Villager (Male) |
| 8:00 | Create | Villager (Male) |
| 8:00 | Create | Villager (Male) |
| 8:43 | Build | Barracks |
| 8:47 | Create | Villager (Male) |
| 8:51 | Create | Villager (Male) |
| 9:02 | Create | Villager (Male) |
| 9:19 | Build | House |
| 9:34 | Research | Loom |
| 10:18 | Research | Feudal Age |
| 10:52 | Create | Militia |
| 10:52 | Create | Militia |
| 11:49 | Create | Villager (Male) |
| 12:39 | Age | Feudal Age |
| 12:44 | Build | Stable |
| 12:58 | Create | Villager (Male) |
| 12:59 | Create | Villager (Male) |
| 13:07 | Build | Farm |
| 13:12 | Build | Palisade Wall |
| 13:16 | Build | Palisade Wall |
| 13:20 | Research | Double-Bit Axe |
| 13:21 | Create | Scout Cavalry |
| 13:21 | Create | Scout Cavalry |
| 13:21 | Create | Scout Cavalry |
| 13:22 | Create | Scout Cavalry |
| 14:17 | Create | Villager (Male) |
| 14:17 | Create | Villager (Male) |
| 14:19 | Build | House |
| 14:29 | Build | Farm |
| 14:30 | Create | Villager (Male) |
| 14:40 | Create | Scout Cavalry |
| 15:07 | Build | Mill |
| 15:08 | Create | Villager (Male) |
| 15:22 | Create | Scout Cavalry |
| 15:39 | Build | House |
| 15:46 | Build | House |
| 16:08 | Create | Villager (Male) |
| 16:18 | Create | Villager (Male) |
| 16:32 | Build | Farm |
| 16:33 | Build | Farm |
| 16:33 | Build | Farm |
| 16:33 | Build | Farm |
| 16:34 | Build | Farm |
| 16:34 | Create | Villager (Male) |
| 16:46 | Create | Scout Cavalry |
| 16:47 | Create | Scout Cavalry |
| 17:03 | Create | Scout Cavalry |
| 17:05 | Build | House |
| 17:12 | Create | Villager (Male) |
| 17:30 | Create | Villager (Male) |
| 17:33 | Build | Farm |
| 17:33 | Build | Farm |
| 17:37 | Research | Horse Collar |
| 18:20 | Create | Villager (Male) |
| 18:23 | Create | Scout Cavalry |
| 18:26 | Build | Farm |
| 18:39 | Create | Villager (Male) |
| 18:40 | Create | Scout Cavalry |
| 18:54 | Create | Villager (Male) |
| 19:02 | Create | Villager (Male) |
| 19:04 | Build | Farm |
| 19:19 | Create | Scout Cavalry |
| 19:21 | Create | Villager (Male) |
| 19:23 | Build | Farm |
| 19:31 | Build | Blacksmith |
| 19:38 | Create | Villager (Male) |
| 19:53 | Create | Scout Cavalry |
| 19:57 | Build | Farm |
| 20:02 | Build | Mule Cart |
| 20:05 | Research | Forging |
| 20:18 | Create | Scout Cavalry |
| 20:22 | Create | Villager (Male) |
| 20:40 | Create | Scout Cavalry |
| 21:05 | Create | Scout Cavalry |
| 21:08 | Create | Villager (Male) |
| 21:09 | Build | House |
| 21:29 | Create | Villager (Male) |
| 21:32 | Research | Wheelbarrow |
| 21:43 | Build | Watch Tower |
| 21:58 | Create | Scout Cavalry |
| 21:59 | Create | Villager (Male) |
| 22:06 | Build | House |
| 22:07 | Build | House |
| 22:08 | Build | Palisade Wall |
| 22:25 | Create | Villager (Male) |
| 23:12 | Build | Mule Cart |
| 23:14 | Create | Villager (Male) |
| 23:30 | Build | Market |
| 23:50 | Build | Mill |
| 24:07 | Create | Villager (Male) |
| 24:08 | Create | Villager (Male) |
| 24:26 | Research | Scale Barding Armor |
| 24:27 | Create | Villager (Male) |
| 24:36 | Build | House |
| 24:54 | Research | Castle Age |
| 25:02 | Build | House |
| 25:06 | Build | Stone Wall |
| 25:12 | Build | House |
| 25:18 | Build | House |
| 25:20 | Build | Palisade Wall |
| 25:34 | Build | Palisade Wall |
| 25:35 | Build | Palisade Wall |
| 25:54 | Create | Villager (Male) |
| 26:00 | Build | Watch Tower |
| 26:02 | Build | Watch Tower |
| 26:07 | Build | Palisade Gate |
| 26:10 | Build | House |
| 26:26 | Create | Villager (Male) |
| 26:34 | Build | House |
| 26:36 | Build | House |
| 26:46 | Build | Mill |
| 26:48 | Build | Farm |
| 26:48 | Build | Farm |
| 26:48 | Build | Farm |
| 26:48 | Build | Farm |
| 26:49 | Build | Farm |
| 26:50 | Create | Villager (Male) |
| 27:00 | Create | Villager (Male) |
| 27:08 | Research | Gold Mining |
| 27:24 | Build | Palisade Wall |
| 27:28 | Build | House |
| 27:36 | Build | House |
| 27:37 | Age | Castle Age |
Build order — DS_TheHeartless
First 150 of 417 actions detected
| 0:13 | Build | Town Center |
| 2:44 | Create | Villager (Male) |
| 2:49 | Build | House |
| 2:49 | Build | House |
| 2:53 | Create | Villager (Male) |
| 3:02 | Create | Villager (Male) |
| 3:05 | Create | Villager (Male) |
| 3:37 | Create | Villager (Male) |
| 4:24 | Create | Villager (Male) |
| 4:54 | Create | Villager (Male) |
| 5:18 | Build | Settlement |
| 5:19 | Create | Villager (Male) |
| 5:22 | Build | House |
| 5:44 | Create | Villager (Male) |
| 6:05 | Create | Villager (Male) |
| 6:24 | Create | Villager (Male) |
| 7:06 | Create | Villager (Male) |
| 7:28 | Create | Villager (Male) |
| 7:33 | Create | Villager (Male) |
| 7:57 | Create | Villager (Male) |
| 8:02 | Build | Settlement |
| 8:19 | Create | Villager (Male) |
| 8:41 | Create | Villager (Male) |
| 9:00 | Create | Villager (Male) |
| 9:15 | Create | Villager (Male) |
| 9:37 | Build | House |
| 10:16 | Create | Villager (Male) |
| 10:40 | Research | Feudal Age |
| 11:17 | Build | Settlement |
| 11:21 | Build | House |
| 12:23 | Create | Villager (Male) |
| 12:49 | Create | Villager (Male) |
| 12:50 | Research | Loom |
| 13:15 | Age | Feudal Age |
| 13:17 | Build | Market |
| 13:19 | Build | Blacksmith |
| 14:09 | Research | Castle Age |
| 14:09 | Research | Castle Age |
| 14:11 | Research | Double-Bit Axe |
| 14:18 | Build | Settlement |
| 14:54 | Build | Settlement |
| 15:20 | Build | Palisade Wall |
| 15:22 | Build | Palisade Wall |
| 15:24 | Build | Palisade Wall |
| 15:26 | Build | Palisade Wall |
| 15:27 | Build | Palisade Wall |
| 15:30 | Build | Palisade Wall |
| 15:35 | Build | Palisade Wall |
| 15:36 | Build | Palisade Wall |
| 15:46 | Build | Palisade Wall |
| 15:47 | Build | Palisade Wall |
| 15:48 | Build | Palisade Wall |
| 15:49 | Build | Palisade Wall |
| 15:50 | Build | Palisade Wall |
| 15:51 | Build | Palisade Wall |
| 15:53 | Build | Palisade Wall |
| 15:55 | Build | Palisade Wall |
| 16:01 | Build | Palisade Wall |
| 16:02 | Build | Palisade Wall |
| 16:08 | Create | Villager (Male) |
| 16:17 | Build | Palisade Wall |
| 16:49 | Age | Castle Age |
| 16:55 | Build | Castle |
| 16:56 | Create | Villager (Male) |
| 17:07 | Research | Bow Saw |
| 17:13 | Create | Villager (Male) |
| 17:14 | Create | Villager (Male) |
| 17:21 | Build | Farm |
| 17:26 | Create | Villager (Male) |
| 17:32 | Build | Palisade Wall |
| 17:58 | Create | Unit 2562 |
| 18:00 | Build | Farm |
| 18:07 | Build | Settlement |
| 18:11 | Create | Unit 2562 |
| 18:15 | Create | Villager (Male) |
| 18:17 | Create | Unit 2562 |
| 18:28 | Build | Farm |
| 18:38 | Create | Villager (Male) |
| 18:43 | Build | Settlement |
| 18:55 | Create | Unit 2562 |
| 18:56 | Create | Unit 2562 |
| 18:57 | Create | Villager (Male) |
| 19:04 | Build | Palisade Wall |
| 19:08 | Create | Villager (Male) |
| 19:13 | Build | Farm |
| 19:17 | Build | Farm |
| 19:22 | Research | Fletching |
| 19:25 | Create | Villager (Male) |
| 19:47 | Create | Unit 2562 |
| 19:52 | Create | Villager (Male) |
| 19:58 | Create | Villager (Male) |
| 20:11 | Create | Unit 2562 |
| 20:16 | Research | Bodkin Arrow |
| 20:16 | Research | Bodkin Arrow |
| 20:25 | Build | Farm |
| 20:36 | Build | Farm |
| 20:37 | Create | Villager (Male) |
| 20:39 | Create | Unit 2562 |
| 20:46 | Create | Villager (Male) |
| 20:48 | Create | Villager (Male) |
| 21:05 | Create | Unit 2562 |
| 21:07 | Create | Villager (Male) |
| 21:08 | Create | Villager (Male) |
| 21:12 | Build | Farm |
| 21:16 | Create | Villager (Male) |
| 21:31 | Research | Gold Mining |
| 21:33 | Create | Villager (Male) |
| 21:46 | Create | Villager (Male) |
| 21:52 | Create | Unit 2562 |
| 21:52 | Create | Unit 2562 |
| 21:56 | Create | Villager (Male) |
| 22:03 | Create | Unit 2562 |
| 22:06 | Create | Villager (Male) |
| 22:26 | Create | Unit 2562 |
| 22:26 | Create | Unit 2562 |
| 22:27 | Create | Villager (Male) |
| 22:34 | Create | Villager (Male) |
| 22:44 | Research | Wheelbarrow |
| 22:51 | Create | Unit 2562 |
| 23:08 | Research | Padded Archer Armor |
| 23:09 | Create | Villager (Male) |
| 23:13 | Create | Unit 2562 |
| 23:15 | Create | Villager (Male) |
| 23:25 | Create | Villager (Male) |
| 23:36 | Create | Unit 2562 |
| 23:52 | Create | Unit 2562 |
| 24:02 | Create | Unit 2562 |
| 24:21 | Create | Villager (Male) |
| 24:22 | Create | Unit 2562 |
| 24:31 | Build | University |
| 24:32 | Build | Palisade Wall |
| 24:46 | Create | Villager (Male) |
| 24:54 | Create | Villager (Male) |
| 24:56 | Create | Unit 2562 |
| 25:02 | Create | Unit 2562 |
| 25:15 | Create | Unit 2562 |
| 25:30 | Build | Town Center |
| 25:38 | Create | Unit 2562 |
| 25:38 | Create | Unit 2562 |
| 25:49 | Create | Villager (Male) |
| 25:56 | Create | Villager (Male) |
| 25:58 | Create | Villager (Male) |
| 26:02 | Create | Unit 2562 |
| 26:14 | Create | Unit 2562 |
| 26:25 | Build | Farm |
| 26:25 | Create | Villager (Male) |
| 26:29 | Create | Unit 2562 |
| 26:40 | Create | Villager (Male) |
| 26:45 | Build | Farm |
| 26:50 | Create | Villager (Male) |
Build order — [GDL] Nicky
First 150 of 382 actions detected
| 0:47 | Build | Town Center |
| 2:23 | Build | House |
| 3:09 | Build | House |
| 3:23 | Create | Villager (Male) ×4 |
| 3:23 | Create | Villager (Male) ×4 |
| 3:26 | Build | House |
| 4:38 | Create | Villager (Male) |
| 4:42 | Build | Lumber Camp |
| 4:57 | Create | Villager (Male) |
| 5:32 | Build | House |
| 5:39 | Create | Villager (Male) |
| 6:06 | Create | Villager (Male) |
| 6:40 | Create | Villager (Male) |
| 7:01 | Build | House |
| 7:05 | Create | Villager (Male) |
| 7:39 | Create | Villager (Male) |
| 8:11 | Create | Villager (Male) |
| 8:33 | Create | Villager (Male) |
| 8:38 | Build | House |
| 9:02 | Create | Villager (Male) |
| 9:17 | Build | House |
| 9:31 | Create | Villager (Male) |
| 9:31 | Create | Villager (Male) |
| 9:32 | Create | Villager (Male) |
| 10:03 | Build | House |
| 10:09 | Build | Dock |
| 10:15 | Create | Villager (Male) |
| 10:17 | Build | House |
| 10:39 | Create | Villager (Male) |
| 10:49 | Create | Fishing Ship |
| 11:02 | Create | Villager (Male) |
| 11:12 | Create | Fishing Ship |
| 11:27 | Build | Mining Camp |
| 11:30 | Create | Fishing Ship |
| 11:30 | Create | Villager (Male) |
| 11:34 | Build | House |
| 11:35 | Build | Palisade Wall |
| 11:51 | Research | Loom |
| 11:59 | Build | Palisade Gate |
| 12:02 | Build | Palisade Gate |
| 12:08 | Build | House |
| 12:12 | Build | Palisade Wall |
| 12:23 | Research | Feudal Age |
| 12:29 | Build | Palisade Wall |
| 12:29 | Build | Palisade Wall |
| 12:30 | Build | Palisade Wall |
| 12:35 | Build | Palisade Wall |
| 12:36 | Build | Palisade Wall |
| 12:38 | Build | Palisade Wall |
| 12:48 | Create | Fishing Ship |
| 13:09 | Create | Fishing Ship |
| 14:06 | Create | Fishing Ship |
| 14:09 | Create | Villager (Male) |
| 14:36 | Age | Feudal Age |
| 14:46 | Build | Blacksmith |
| 14:53 | Build | Mill |
| 15:04 | Create | Fishing Ship |
| 15:05 | Create | Villager (Male) |
| 15:32 | Research | Town Watch |
| 15:43 | Build | Market |
| 15:58 | Create | Villager (Male) |
| 16:05 | Research | Double-Bit Axe |
| 16:39 | Research | Castle Age |
| 16:40 | Research | Castle Age |
| 17:15 | Build | Palisade Wall |
| 17:26 | Build | Palisade Wall |
| 17:34 | Build | Barracks |
| 17:44 | Research | Fletching |
| 17:47 | Research | Gold Mining |
| 17:53 | Create | Fishing Ship |
| 18:20 | Build | Archery Range |
| 18:25 | Build | Archery Range |
| 18:37 | Create | Villager (Male) |
| 19:19 | Age | Castle Age |
| 19:22 | Create | Cavalry Archer |
| 19:22 | Create | Cavalry Archer |
| 19:30 | Build | Fish Trap |
| 19:35 | Build | Fish Trap |
| 19:42 | Research | Bodkin Arrow |
| 19:43 | Create | Villager (Male) |
| 19:44 | Create | Cavalry Archer |
| 19:45 | Create | Cavalry Archer |
| 19:53 | Build | House |
| 19:59 | Build | House |
| 20:02 | Create | Cavalry Archer |
| 20:02 | Create | Cavalry Archer |
| 20:03 | Create | Villager (Male) |
| 20:22 | Create | Villager (Male) |
| 20:23 | Create | Cavalry Archer |
| 20:43 | Build | Fish Trap |
| 20:48 | Create | Villager (Male) |
| 20:50 | Create | Cavalry Archer |
| 20:50 | Create | Cavalry Archer |
| 21:03 | Create | Villager (Male) |
| 21:07 | Research | Wheelbarrow |
| 21:07 | Research | Wheelbarrow |
| 21:16 | Create | Cavalry Archer |
| 21:28 | Create | Cavalry Archer |
| 21:36 | Build | House |
| 21:37 | Build | House |
| 21:48 | Create | Cavalry Archer |
| 21:48 | Create | Cavalry Archer |
| 21:49 | Create | Villager (Male) |
| 21:49 | Create | Villager (Male) |
| 22:11 | Create | Cavalry Archer |
| 22:12 | Create | Cavalry Archer |
| 22:26 | Create | Villager (Male) |
| 22:27 | Create | Villager (Male) |
| 22:41 | Create | Cavalry Archer |
| 22:42 | Create | Villager (Male) |
| 22:51 | Create | Villager (Male) |
| 22:55 | Build | Stable |
| 22:56 | Build | House |
| 23:02 | Create | Cavalry Archer |
| 23:02 | Create | Villager (Male) |
| 23:24 | Create | Cavalry Archer |
| 23:36 | Create | Cavalry Archer |
| 24:15 | Build | Town Center |
| 24:18 | Create | Cavalry Archer |
| 24:18 | Create | Cavalry Archer |
| 24:18 | Create | Villager (Male) |
| 24:27 | Build | Mining Camp |
| 24:33 | Research | Husbandry |
| 24:38 | Research | Bloodlines |
| 24:40 | Create | Cavalry Archer |
| 24:40 | Create | Cavalry Archer |
| 24:49 | Build | House |
| 24:50 | Build | House |
| 24:54 | Build | Lumber Camp |
| 25:05 | Research | Bow Saw |
| 25:06 | Research | Bow Saw |
| 25:07 | Create | Cavalry Archer |
| 25:36 | Create | Villager (Male) |
| 25:37 | Create | Villager (Male) |
| 25:41 | Build | Fish Trap |
| 25:51 | Create | Villager (Male) |
| 26:04 | Build | Fish Trap |
| 26:09 | Build | Fish Trap |
| 26:11 | Create | Cavalry Archer |
| 26:34 | Build | Fish Trap |
| 26:38 | Create | Villager (Male) |
| 26:38 | Create | Villager (Male) |
| 26:40 | Create | Villager (Male) |
| 26:41 | Build | Fish Trap |
| 26:45 | Create | Villager (Male) |
| 27:05 | Create | Cavalry Archer |
| 27:05 | Create | Cavalry Archer |
| 27:06 | Create | Cavalry Archer |
| 27:06 | Create | Villager (Male) |
| 27:24 | Create | Villager (Male) |
Build order — nordap
First 150 of 432 actions detected
| 0:11 | Build | Town Center |
| 2:20 | Create | Villager (Male) |
| 2:21 | Create | Villager (Male) |
| 2:21 | Create | Villager (Male) |
| 2:21 | Create | Villager (Male) |
| 2:28 | Build | House |
| 3:23 | Build | Lumber Camp |
| 3:26 | Create | Villager (Male) |
| 3:53 | Create | Villager (Male) |
| 4:23 | Create | Villager (Male) |
| 4:38 | Build | House |
| 4:42 | Build | House |
| 4:45 | Create | Villager (Male) |
| 4:45 | Create | Villager (Male) |
| 5:00 | Build | House |
| 5:44 | Create | Villager (Male) |
| 5:44 | Create | Villager (Male) |
| 5:45 | Create | Villager (Male) |
| 5:55 | Build | House |
| 6:09 | Create | Villager (Male) |
| 6:20 | Create | Villager (Male) |
| 6:42 | Build | Mill |
| 6:44 | Create | Villager (Male) |
| 7:27 | Create | Villager (Male) |
| 7:28 | Create | Villager (Male) |
| 7:31 | Create | Villager (Male) |
| 7:54 | Create | Villager (Male) |
| 8:18 | Build | House |
| 8:47 | Research | Feudal Age |
| 9:06 | Build | Barracks |
| 9:44 | Build | House |
| 9:58 | Create | Villager (Male) |
| 9:58 | Create | Villager (Male) |
| 10:23 | Build | House |
| 10:57 | Age | Feudal Age |
| 11:01 | Build | Stable |
| 11:03 | Create | Villager (Male) |
| 11:10 | Research | Double-Bit Axe |
| 11:30 | Build | Mining Camp |
| 11:41 | Build | Mill |
| 11:43 | Create | Villager (Male) |
| 11:46 | Build | House |
| 11:49 | Create | Scout Cavalry |
| 11:52 | Create | Scout Cavalry |
| 12:12 | Create | Scout Cavalry |
| 12:28 | Build | Palisade Wall |
| 12:41 | Create | Villager (Male) |
| 12:42 | Create | Villager (Male) |
| 12:51 | Create | Villager (Male) |
| 12:52 | Create | Villager (Male) |
| 12:54 | Create | Villager (Male) |
| 13:00 | Build | Mill |
| 13:16 | Create | Villager (Male) |
| 13:18 | Build | Market |
| 13:21 | Research | Loom |
| 13:32 | Create | Villager (Male) |
| 14:01 | Build | Blacksmith |
| 14:34 | Build | Mill |
| 14:45 | Build | Palisade Wall |
| 14:48 | Build | Palisade Wall |
| 15:10 | Build | Palisade Wall |
| 15:12 | Build | Palisade Wall |
| 15:13 | Build | Palisade Wall |
| 15:23 | Build | Palisade Wall |
| 15:28 | Create | Spearman |
| 15:29 | Create | Villager (Male) |
| 15:30 | Create | Villager (Male) |
| 15:31 | Build | House |
| 15:43 | Create | Villager (Male) |
| 15:54 | Build | Archery Range |
| 15:55 | Create | Spearman |
| 16:23 | Create | Spearman |
| 17:00 | Build | House |
| 17:06 | Create | Villager (Male) |
| 17:40 | Create | Spearman |
| 17:51 | Research | Castle Age |
| 17:52 | Research | Castle Age |
| 18:04 | Create | Spearman |
| 18:06 | Create | Villager (Male) |
| 18:23 | Create | Spearman |
| 18:57 | Create | Spearman |
| 19:00 | Build | House |
| 19:02 | Build | House |
| 19:03 | Build | Palisade Wall |
| 19:04 | Build | Palisade Wall |
| 19:06 | Create | Villager (Male) |
| 19:09 | Create | Villager (Male) |
| 19:15 | Build | Archery Range |
| 19:17 | Create | Spearman |
| 19:47 | Create | Spearman |
| 19:58 | Research | Scale Mail Armor |
| 19:58 | Research | Scale Mail Armor |
| 20:07 | Research | Horse Collar |
| 20:11 | Build | Farm |
| 20:22 | Build | Palisade Wall |
| 20:28 | Build | Palisade Wall |
| 20:31 | Age | Castle Age |
| 20:35 | Create | Cavalry Archer |
| 20:35 | Create | Cavalry Archer |
| 20:35 | Create | Cavalry Archer |
| 20:36 | Create | Villager (Male) |
| 20:37 | Create | Villager (Male) |
| 21:08 | Create | Cavalry Archer |
| 21:12 | Build | Palisade Wall |
| 21:14 | Create | Cavalry Archer |
| 21:49 | Build | Watch Tower |
| 22:24 | Create | Villager (Male) |
| 22:24 | Create | Villager (Male) |
| 22:24 | Create | Villager (Male) |
| 22:27 | Create | Villager (Male) |
| 22:30 | Build | Market |
| 22:43 | Build | Palisade Wall |
| 22:44 | Create | Villager (Male) |
| 23:01 | Create | Villager (Male) |
| 23:51 | Research | Fletching |
| 23:53 | Create | Villager (Male) |
| 23:53 | Create | Villager (Male) |
| 24:45 | Create | Cavalry Archer |
| 24:45 | Create | Cavalry Archer |
| 25:28 | Build | Town Center |
| 25:29 | Create | Villager (Male) |
| 25:29 | Create | Villager (Male) |
| 25:52 | Research | Bow Saw |
| 25:52 | Research | Bow Saw |
| 25:55 | Create | Cavalry Archer |
| 25:55 | Create | Cavalry Archer |
| 26:05 | Create | Cavalry Archer |
| 26:50 | Create | Cavalry Archer |
| 26:50 | Create | Cavalry Archer |
| 27:00 | Create | Villager (Male) |
| 27:00 | Create | Villager (Male) |
| 27:25 | Build | Town Center |
| 27:36 | Build | Palisade Wall |
| 27:37 | Build | House |
| 27:42 | Create | Villager (Male) |
| 27:42 | Create | Villager (Male) |
| 27:46 | Create | Villager (Male) |
| 27:46 | Create | Villager (Male) |
| 27:53 | Build | Farm |
| 27:56 | Build | Farm |
| 27:59 | Create | Cavalry Archer |
| 28:01 | Create | Cavalry Archer |
| 28:27 | Create | Cavalry Archer |
| 28:38 | Create | Villager (Male) |
| 28:38 | Create | Villager (Male) |
| 28:39 | Create | Villager (Male) |
| 28:43 | Build | Farm |
| 28:55 | Build | Farm |
| 28:56 | Build | Farm |
| 29:09 | Build | Farm |
Build order — [GDL]BetoxAOE
First 150 of 359 actions detected
| 0:17 | Build | Town Center |
| 2:47 | Create | Villager (Male) ×4 |
| 2:51 | Build | House |
| 4:02 | Create | Villager (Male) |
| 4:12 | Build | House |
| 4:14 | Build | House |
| 4:33 | Build | House |
| 4:48 | Research | Loom |
| 4:51 | Create | Villager (Male) |
| 4:53 | Build | House |
| 5:13 | Create | Villager (Male) |
| 5:35 | Create | Villager (Male) |
| 5:56 | Build | Lumber Camp |
| 6:09 | Create | Villager (Male) |
| 6:10 | Create | Villager (Male) |
| 6:32 | Create | Villager (Male) |
| 6:32 | Create | Villager (Male) |
| 6:48 | Create | Villager (Male) |
| 6:48 | Create | Villager (Male) |
| 6:55 | Research | Loom |
| 6:55 | Research | Loom |
| 7:14 | Build | Palisade Wall |
| 7:29 | Create | Villager (Male) ×4 |
| 7:54 | Create | Villager (Male) |
| 7:55 | Create | Villager (Male) |
| 8:20 | Build | House |
| 8:48 | Build | House |
| 9:02 | Create | Villager (Male) ×3 |
| 9:30 | Build | Mill |
| 10:05 | Research | Feudal Age |
| 11:48 | Build | House |
| 11:58 | Create | Villager (Male) |
| 11:58 | Create | Villager (Male) |
| 12:01 | Build | Barracks |
| 12:15 | Age | Feudal Age |
| 12:52 | Build | Stable |
| 12:58 | Create | Villager (Male) |
| 12:58 | Create | Villager (Male) |
| 13:36 | Create | Scout Cavalry |
| 13:36 | Create | Scout Cavalry |
| 13:44 | Create | Villager (Male) |
| 14:04 | Build | Stable |
| 14:19 | Build | House |
| 14:21 | Research | Town Watch |
| 14:41 | Create | Villager (Male) |
| 14:41 | Create | Villager (Male) |
| 14:44 | Create | Scout Cavalry ×4 |
| 15:10 | Research | Double-Bit Axe |
| 15:10 | Research | Double-Bit Axe |
| 15:14 | Build | House |
| 15:15 | Build | House |
| 15:25 | Build | House |
| 16:05 | Create | Villager (Male) |
| 16:05 | Create | Villager (Male) |
| 16:07 | Create | Scout Cavalry ×4 |
| 16:07 | Create | Scout Cavalry ×4 |
| 16:39 | Build | House |
| 16:40 | Build | House |
| 16:41 | Build | House |
| 16:50 | Create | Villager (Male) |
| 17:07 | Create | Villager (Male) |
| 17:16 | Create | Scout Cavalry |
| 17:17 | Create | Scout Cavalry |
| 17:17 | Create | Scout Cavalry |
| 17:17 | Create | Scout Cavalry |
| 17:17 | Create | Scout Cavalry |
| 17:35 | Build | Mill |
| 17:40 | Create | Scout Cavalry ×2 |
| 17:40 | Create | Scout Cavalry ×2 |
| 17:44 | Create | Villager (Male) |
| 18:06 | Create | Villager (Male) |
| 18:06 | Create | Villager (Male) |
| 18:29 | Create | Scout Cavalry ×2 |
| 18:29 | Create | Scout Cavalry ×2 |
| 18:33 | Create | Villager (Male) |
| 18:53 | Create | Villager (Male) |
| 18:59 | Build | Palisade Wall |
| 18:59 | Build | Palisade Wall |
| 19:22 | Create | Villager (Male) |
| 19:35 | Create | Scout Cavalry |
| 19:35 | Create | Scout Cavalry |
| 19:38 | Create | Villager (Male) |
| 20:12 | Create | Scout Cavalry ×5 |
| 20:13 | Create | Villager (Male) |
| 20:55 | Create | Villager (Male) |
| 20:55 | Create | Villager (Male) |
| 21:33 | Build | Mining Camp |
| 21:39 | Create | Villager (Male) |
| 21:39 | Create | Villager (Male) |
| 22:12 | Research | Wheelbarrow |
| 22:12 | Research | Wheelbarrow |
| 23:06 | Build | Mill |
| 23:15 | Create | Scout Cavalry |
| 23:15 | Create | Scout Cavalry |
| 23:18 | Research | Bloodlines |
| 23:19 | Research | Bloodlines |
| 23:49 | Build | House |
| 23:55 | Create | Villager (Male) |
| 23:55 | Create | Villager (Male) |
| 24:12 | Build | House |
| 24:32 | Build | Stone Wall |
| 24:35 | Build | Stone Wall |
| 24:36 | Build | Stone Wall |
| 24:39 | Build | Stone Wall |
| 24:40 | Build | Stone Wall |
| 24:47 | Create | Villager (Male) |
| 25:24 | Create | Villager (Male) |
| 26:06 | Create | Villager (Male) |
| 26:36 | Create | Villager (Male) |
| 27:03 | Create | Villager (Male) |
| 27:16 | Build | Blacksmith |
| 27:23 | Build | Outpost |
| 27:29 | Build | Lumber Camp |
| 28:04 | Research | Castle Age |
| 28:04 | Research | Castle Age |
| 28:08 | Research | Scale Barding Armor |
| 28:08 | Research | Scale Barding Armor |
| 29:03 | Build | Mill |
| 29:11 | Build | Mill |
| 30:03 | Build | Mill |
| 30:08 | Research | Gold Mining |
| 30:08 | Research | Gold Mining |
| 30:43 | Create | Villager (Male) |
| 30:44 | Age | Castle Age |
| 30:46 | Build | Town Center |
| 30:50 | Create | Knight |
| 30:59 | Research | Husbandry |
| 30:59 | Research | Husbandry |
| 31:01 | Create | Villager (Male) |
| 31:05 | Research | Gold Shaft Mining |
| 31:07 | Research | Bow Saw |
| 31:07 | Research | Bow Saw |
| 31:42 | Build | Mill |
| 31:47 | Create | Knight ×3 |
| 31:47 | Create | Knight ×3 |
| 31:48 | Create | Villager (Male) |
| 31:48 | Create | Villager (Male) |
| 31:48 | Create | Villager (Male) |
| 32:17 | Create | Knight |
| 32:17 | Create | Knight |
| 32:22 | Create | Villager (Male) ×2 |
| 32:22 | Create | Villager (Male) ×2 |
| 32:49 | Build | Mill |
| 32:51 | Create | Knight |
| 32:54 | Create | Villager (Male) ×2 |
| 32:55 | Create | Villager (Male) ×2 |
| 33:16 | Create | Knight |
| 33:18 | Create | Villager (Male) |
| 33:18 | Create | Villager (Male) |
| 33:32 | Create | Knight |
Build order — [GDL] MancazoPaTodo!
First 150 of 251 actions detected
| 0:34 | Build | Town Center |
| 2:22 | Build | House |
| 3:00 | Create | Villager (Male) |
| 3:00 | Create | Villager (Male) |
| 3:01 | Create | Villager (Male) |
| 3:01 | Create | Villager (Male) |
| 3:01 | Create | Villager (Male) |
| 4:34 | Create | Villager (Male) |
| 4:39 | Create | Villager (Male) |
| 4:39 | Create | Villager (Male) |
| 5:10 | Create | Villager (Male) |
| 5:10 | Create | Villager (Male) |
| 5:11 | Create | Villager (Male) |
| 5:30 | Build | House |
| 5:32 | Research | Loom |
| 5:33 | Create | Villager (Male) |
| 5:33 | Create | Villager (Male) |
| 6:03 | Build | Lumber Camp |
| 6:07 | Create | Villager (Male) |
| 6:07 | Create | Villager (Male) |
| 6:16 | Create | Villager (Male) |
| 6:16 | Create | Villager (Male) |
| 6:16 | Create | Villager (Male) |
| 6:38 | Create | Villager (Male) |
| 6:39 | Create | Villager (Male) |
| 6:39 | Create | Villager (Male) |
| 7:08 | Create | Villager (Male) |
| 7:21 | Create | Villager (Male) |
| 7:33 | Build | House |
| 8:29 | Build | Mining Camp |
| 9:13 | Research | Feudal Age |
| 10:20 | Create | Villager (Male) |
| 10:20 | Create | Villager (Male) |
| 10:34 | Build | House |
| 10:44 | Build | House |
| 10:56 | Build | Barracks |
| 11:25 | Age | Feudal Age |
| 11:27 | Create | Villager (Male) |
| 11:53 | Build | Archery Range |
| 12:00 | Create | Villager (Male) |
| 12:07 | Build | Palisade Wall |
| 12:27 | Build | Palisade Wall |
| 12:37 | Create | Archer |
| 12:37 | Create | Archer |
| 12:37 | Create | Archer |
| 12:52 | Create | Villager (Male) |
| 12:53 | Create | Villager (Male) |
| 12:53 | Create | Villager (Male) |
| 12:53 | Create | Villager (Male) |
| 13:00 | Research | Double-Bit Axe |
| 13:04 | Build | House |
| 13:07 | Create | Archer |
| 13:41 | Build | Palisade Wall |
| 13:49 | Create | Villager (Male) |
| 13:50 | Create | Villager (Male) |
| 14:15 | Create | Archer |
| 14:15 | Create | Archer |
| 14:33 | Build | Blacksmith |
| 14:46 | Build | House |
| 14:49 | Build | Palisade Wall |
| 14:49 | Build | Palisade Wall |
| 15:23 | Research | Fletching |
| 15:24 | Create | Villager (Male) |
| 15:24 | Create | Villager (Male) |
| 15:30 | Build | House |
| 15:43 | Build | Outpost |
| 15:48 | Create | Archer |
| 15:54 | Create | Villager (Male) |
| 15:54 | Create | Villager (Male) |
| 16:14 | Create | Archer |
| 16:33 | Build | Watch Tower |
| 16:51 | Create | Archer |
| 17:52 | Build | Mining Camp |
| 18:07 | Build | Mill |
| 18:12 | Create | Villager (Male) |
| 18:13 | Create | Villager (Male) |
| 18:13 | Create | Villager (Male) |
| 18:13 | Create | Villager (Male) |
| 18:13 | Create | Villager (Male) |
| 18:19 | Create | Archer |
| 18:30 | Research | Gold Mining |
| 18:30 | Research | Gold Mining |
| 18:45 | Build | Archery Range |
| 18:54 | Create | Villager (Male) |
| 18:55 | Create | Villager (Male) |
| 18:55 | Create | Villager (Male) |
| 19:02 | Build | Watch Tower |
| 19:14 | Create | Archer |
| 19:26 | Create | Archer |
| 19:41 | Create | Villager (Male) |
| 20:00 | Build | House |
| 20:06 | Build | House |
| 20:32 | Create | Archer |
| 20:32 | Create | Archer |
| 20:41 | Create | Villager (Male) |
| 20:41 | Create | Villager (Male) |
| 20:41 | Create | Villager (Male) |
| 20:46 | Build | Mining Camp |
| 21:28 | Create | Archer |
| 21:28 | Create | Archer |
| 21:30 | Create | Villager (Male) |
| 21:31 | Create | Villager (Male) |
| 21:47 | Build | Stable |
| 21:58 | Build | Watch Tower |
| 22:08 | Create | Villager (Male) |
| 22:09 | Create | Villager (Male) |
| 22:09 | Create | Villager (Male) |
| 22:17 | Create | Archer ×2 |
| 22:35 | Build | House |
| 22:47 | Create | Archer |
| 23:35 | Build | Mining Camp |
| 23:40 | Create | Villager (Male) |
| 23:40 | Create | Villager (Male) |
| 23:41 | Create | Villager (Male) |
| 23:52 | Create | Archer |
| 23:56 | Build | House |
| 24:00 | Build | House |
| 24:59 | Create | Villager (Male) |
| 24:59 | Create | Villager (Male) |
| 25:07 | Create | Archer ×2 |
| 25:24 | Build | Market |
| 25:37 | Build | Mill |
| 27:02 | Research | Castle Age |
| 27:26 | Create | Archer |
| 27:26 | Create | Archer |
| 27:27 | Create | Archer |
| 27:27 | Create | Archer |
| 27:46 | Research | Horse Collar |
| 27:48 | Research | Padded Archer Armor |
| 28:17 | Create | Archer ×3 |
| 28:37 | Build | Mill |
| 29:40 | Research | Bloodlines |
| 29:41 | Research | Scale Barding Armor |
| 29:41 | Research | Scale Barding Armor |
| 29:42 | Research | Forging |
| 29:42 | Research | Forging |
| 29:42 | Age | Castle Age |
| 29:48 | Build | Town Center |
| 29:56 | Build | Castle |
| 30:06 | Research | Light Cavalry (upgrade) |
| 30:10 | Build | Stable |
| 30:48 | Build | Town Center |
| 31:03 | Create | Scout Cavalry |
| 31:35 | Research | Bodkin Arrow |
| 31:55 | Create | Scout Cavalry |
| 32:15 | Create | Villager (Male) ×2 |
| 32:16 | Create | Villager (Male) |
| 32:20 | Create | Villager (Male) ×2 |
| 32:30 | Build | Siege Workshop |
| 32:59 | Research | Chain Barding Armor |
Build order — DS_Moai
First 150 of 308 actions detected
| 0:06 | Build | Town Center |
| 2:31 | Create | Villager (Male) |
| 2:39 | Build | House |
| 2:48 | Build | Palisade Wall |
| 2:50 | Build | Palisade Wall |
| 2:51 | Build | Palisade Wall |
| 2:53 | Create | Villager (Male) |
| 2:53 | Create | Villager (Male) |
| 2:53 | Create | Villager (Male) |
| 3:33 | Create | Villager (Male) |
| 3:33 | Create | Villager (Male) |
| 3:38 | Build | House |
| 3:45 | Research | Loom |
| 4:33 | Create | Villager (Male) |
| 4:34 | Create | Villager (Male) |
| 5:05 | Create | Villager (Male) |
| 5:05 | Create | Villager (Male) |
| 5:31 | Build | House |
| 5:39 | Create | Villager (Male) |
| 5:52 | Create | Villager (Male) |
| 5:52 | Create | Villager (Male) |
| 6:38 | Create | Villager (Male) |
| 7:11 | Create | Villager (Male) |
| 7:11 | Create | Villager (Male) |
| 7:28 | Build | House |
| 8:15 | Create | Villager (Male) |
| 8:35 | Build | Mill |
| 8:38 | Create | Villager (Male) |
| 9:10 | Create | Villager (Male) |
| 9:28 | Create | Villager (Male) |
| 9:55 | Create | Villager (Male) |
| 9:58 | Build | House |
| 10:27 | Create | Villager (Male) |
| 11:02 | Build | Lumber Camp |
| 11:04 | Create | Villager (Male) |
| 11:24 | Research | Feudal Age |
| 12:07 | Build | Mining Camp |
| 13:16 | Build | Barracks |
| 13:31 | Create | Villager (Male) |
| 13:39 | Age | Feudal Age |
| 13:39 | Create | Villager (Male) |
| 13:44 | Build | Watch Tower |
| 13:58 | Build | Watch Tower |
| 14:00 | Create | Villager (Male) |
| 14:02 | Create | Spearman |
| 14:17 | Create | Villager (Male) |
| 14:24 | Build | Archery Range |
| 14:38 | Build | House |
| 15:04 | Research | Double-Bit Axe |
| 15:10 | Research | Town Watch |
| 15:13 | Create | Skirmisher |
| 15:35 | Create | Villager (Male) |
| 15:37 | Build | Watch Tower |
| 15:46 | Create | Villager (Male) |
| 16:00 | Build | Palisade Wall |
| 16:06 | Build | Palisade Wall |
| 16:12 | Create | Villager (Male) |
| 16:13 | Create | Skirmisher |
| 16:20 | Create | Skirmisher |
| 16:22 | Build | Watch Tower |
| 16:36 | Create | Skirmisher |
| 17:05 | Create | Villager (Male) |
| 17:07 | Build | House |
| 17:27 | Create | Skirmisher |
| 17:41 | Create | Villager (Male) |
| 17:53 | Build | Farm |
| 18:07 | Create | Archer |
| 18:15 | Create | Villager (Male) |
| 18:28 | Build | House |
| 18:38 | Create | Villager (Male) |
| 18:53 | Create | Archer |
| 19:10 | Build | Mill |
| 19:17 | Create | Villager (Male) |
| 19:32 | Create | Archer |
| 19:46 | Build | Watch Tower |
| 19:57 | Create | Villager (Male) |
| 20:14 | Create | Villager (Male) |
| 20:18 | Build | Blacksmith |
| 20:22 | Build | House |
| 20:29 | Create | Archer |
| 20:54 | Build | House |
| 20:58 | Create | Villager (Male) |
| 21:16 | Build | Market |
| 21:24 | Build | Market |
| 21:25 | Create | Villager (Male) |
| 21:36 | Build | Palisade Wall |
| 21:55 | Create | Villager (Male) |
| 22:06 | Create | Archer |
| 22:57 | Research | Castle Age |
| 23:00 | Create | Archer |
| 23:14 | Build | Palisade Gate |
| 23:32 | Build | Farm |
| 23:33 | Research | Fletching |
| 23:45 | Create | Archer |
| 24:09 | Build | Farm |
| 24:11 | Build | Farm |
| 24:13 | Build | Farm |
| 24:16 | Build | Farm |
| 24:24 | Research | Horse Collar |
| 24:37 | Create | Skirmisher |
| 25:13 | Create | Villager (Male) |
| 25:22 | Build | Lumber Camp |
| 25:37 | Age | Castle Age |
| 25:40 | Research | Bodkin Arrow |
| 25:57 | Build | Castle |
| 26:16 | Create | Villager (Male) |
| 26:28 | Build | Palisade Wall |
| 26:38 | Create | Skirmisher |
| 26:39 | Create | Skirmisher |
| 27:01 | Create | Villager (Male) |
| 27:26 | Create | Skirmisher |
| 27:31 | Create | Villager (Male) |
| 27:31 | Create | Villager (Male) |
| 27:47 | Build | Farm |
| 27:48 | Build | Farm |
| 27:49 | Build | Farm |
| 27:49 | Build | Farm |
| 27:50 | Build | Farm |
| 28:08 | Create | Villager (Male) |
| 28:08 | Create | Villager (Male) |
| 28:13 | Build | Farm |
| 28:18 | Create | War Wagon |
| 28:33 | Build | Farm |
| 28:40 | Build | Farm |
| 28:45 | Create | War Wagon |
| 28:46 | Create | Villager (Male) |
| 29:15 | Create | Villager (Male) |
| 29:22 | Build | Mining Camp |
| 29:23 | Create | War Wagon |
| 29:46 | Create | Villager (Male) |
| 29:46 | Create | Villager (Male) |
| 29:49 | Create | War Wagon |
| 30:07 | Create | War Wagon |
| 30:08 | Create | Villager (Male) |
| 30:32 | Create | Villager (Male) |
| 30:32 | Create | Villager (Male) |
| 30:33 | Create | War Wagon |
| 30:51 | Build | Gate |
| 30:54 | Build | Stone Wall |
| 30:56 | Build | Gate |
| 31:03 | Build | Gate |
| 31:26 | Create | Villager (Male) |
| 31:30 | Build | Town Center |
| 31:39 | Create | War Wagon |
| 31:44 | Build | University |
| 31:51 | Create | Villager (Male) |
| 31:51 | Create | Villager (Male) |
| 32:02 | Create | Villager (Male) |
| 32:23 | Research | Bow Saw |
| 32:25 | Create | Villager (Male) |
Build order — VENÓN | Kevin
First 150 of 367 actions detected
| 0:16 | Build | Town Center |
| 0:22 | Build | Town Center |
| 2:08 | Build | House |
| 2:40 | Create | Villager (Male) |
| 2:41 | Create | Villager (Male) |
| 2:41 | Create | Villager (Male) |
| 2:41 | Create | Villager (Male) |
| 3:50 | Create | Villager (Male) |
| 3:50 | Create | Villager (Male) |
| 4:06 | Create | Villager (Male) |
| 4:06 | Create | Villager (Male) |
| 4:36 | Create | Villager (Male) |
| 4:36 | Create | Villager (Male) |
| 4:51 | Create | Villager (Male) |
| 5:01 | Build | House |
| 5:05 | Build | Lumber Camp |
| 5:05 | Create | Villager (Male) |
| 5:06 | Create | Villager (Male) |
| 5:33 | Create | Villager (Male) |
| 6:11 | Create | Villager (Male) |
| 6:11 | Create | Villager (Male) |
| 6:14 | Build | House |
| 6:18 | Create | Villager (Male) |
| 6:18 | Create | Villager (Male) |
| 7:06 | Build | Mill |
| 7:25 | Create | Villager (Male) |
| 7:25 | Create | Villager (Male) |
| 7:50 | Create | Villager (Male) |
| 7:51 | Create | Villager (Male) |
| 8:07 | Create | Villager (Male) |
| 8:07 | Create | Villager (Male) |
| 8:12 | Build | House |
| 8:18 | Create | Villager (Male) |
| 8:22 | Build | House |
| 8:29 | Build | House |
| 8:39 | Create | Villager (Male) |
| 8:39 | Create | Villager (Male) |
| 8:43 | Build | House |
| 9:06 | Build | House |
| 9:13 | Create | Villager (Male) |
| 9:19 | Create | Villager (Male) |
| 10:38 | Research | Feudal Age |
| 10:41 | Build | House |
| 10:56 | Build | House |
| 12:05 | Create | Villager (Male) |
| 12:48 | Age | Feudal Age |
| 12:49 | Build | Palisade Wall |
| 12:58 | Create | Villager (Male) |
| 13:11 | Build | Market |
| 13:13 | Build | Blacksmith |
| 13:40 | Build | House |
| 13:52 | Research | Castle Age |
| 13:52 | Research | Castle Age |
| 14:38 | Build | Stone Wall |
| 14:39 | Build | Stone Wall |
| 14:42 | Build | House |
| 14:46 | Build | Stone Wall |
| 14:53 | Build | House |
| 15:07 | Build | Lumber Camp |
| 15:26 | Build | Palisade Gate |
| 15:27 | Build | Palisade Wall |
| 15:28 | Build | Palisade Wall |
| 15:35 | Create | Villager (Male) |
| 15:39 | Build | Palisade Wall |
| 15:43 | Build | House |
| 15:47 | Build | Palisade Wall |
| 15:53 | Create | Villager (Male) |
| 16:02 | Create | Villager (Male) |
| 16:27 | Create | Villager (Male) |
| 16:32 | Age | Castle Age |
| 16:41 | Research | Loom |
| 17:02 | Create | Villager (Male) |
| 17:09 | Build | Barracks |
| 17:40 | Create | Villager (Male) |
| 17:52 | Build | Palisade Wall |
| 17:54 | Build | Palisade Wall |
| 17:59 | Create | Villager (Male) |
| 18:05 | Create | Villager (Male) |
| 18:08 | Create | Villager (Male) |
| 18:13 | Create | Villager (Male) |
| 18:20 | Create | Villager (Male) |
| 18:21 | Create | Villager (Male) |
| 18:29 | Create | Villager (Male) |
| 18:34 | Create | Villager (Male) |
| 18:59 | Create | Villager (Male) |
| 19:36 | Create | Spearman |
| 19:36 | Create | Spearman |
| 19:48 | Create | Villager (Male) |
| 19:57 | Build | Farm |
| 19:59 | Create | Villager (Male) |
| 20:24 | Create | Spearman |
| 20:48 | Create | Villager (Male) |
| 20:54 | Build | House |
| 21:13 | Build | Castle |
| 22:17 | Create | Villager (Male) |
| 22:18 | Create | Villager (Male) |
| 22:22 | Build | Farm |
| 22:23 | Create | Mameluke |
| 22:23 | Create | Mameluke |
| 22:29 | Create | Villager (Male) |
| 22:57 | Create | Mameluke |
| 22:58 | Create | Mameluke |
| 23:08 | Create | Villager (Male) |
| 23:09 | Create | Villager (Male) |
| 23:09 | Create | Villager (Male) |
| 23:14 | Create | Mameluke |
| 23:15 | Create | Mameluke |
| 23:16 | Build | Farm |
| 23:40 | Create | Mameluke |
| 23:40 | Create | Mameluke |
| 23:41 | Create | Villager (Male) |
| 23:41 | Create | Villager (Male) |
| 23:41 | Create | Villager (Male) |
| 24:02 | Research | Double-Bit Axe |
| 24:02 | Research | Double-Bit Axe |
| 24:12 | Build | Farm |
| 24:18 | Create | Villager (Male) |
| 24:56 | Build | Farm |
| 24:57 | Create | Villager (Male) |
| 24:57 | Create | Villager (Male) |
| 25:02 | Create | Mameluke |
| 25:02 | Create | Mameluke |
| 25:10 | Create | Villager (Male) |
| 25:13 | Create | Villager (Male) |
| 25:33 | Build | Mining Camp |
| 25:37 | Create | Villager (Male) |
| 25:57 | Build | Farm |
| 26:02 | Build | Farm |
| 26:03 | Create | Villager (Male) |
| 26:13 | Create | Mameluke |
| 26:29 | Create | Villager (Male) |
| 26:38 | Build | Farm |
| 26:46 | Create | Mameluke |
| 26:47 | Create | Mameluke |
| 26:51 | Create | Villager (Male) |
| 27:06 | Build | Farm |
| 27:13 | Create | Villager (Male) |
| 27:26 | Build | Farm |
| 27:27 | Create | Villager (Male) |
| 27:29 | Build | Farm |
| 27:43 | Create | Villager (Male) |
| 28:03 | Create | Villager (Male) |
| 28:10 | Create | Mameluke |
| 28:10 | Create | Mameluke |
| 28:18 | Create | Villager (Male) |
| 28:29 | Create | Villager (Male) |
| 28:29 | Create | Villager (Male) |
| 28:58 | Create | Villager (Male) |
| 29:09 | Create | Villager (Male) |
| 29:15 | Build | Lumber Camp |
Match timeline
| 1:57 | DL | Tortafuller · wall_segment Palisade Wall x1 |
| 1:59 | DL | Tortafuller · wall_segment Palisade Wall x1 |
| 2:01 | DL | Tortafuller · wall_segment Palisade Wall x1 |
| 2:02 | DL | Tortafuller · wall_segment Palisade Wall x1 |
| 2:48 | DS_Moai · wall_segment Palisade Wall x1 |
| 2:50 | DS_Moai · wall_segment Palisade Wall x1 |
| 2:51 | DS_Moai · wall_segment Palisade Wall x1 |
| 7:14 | [GDL]BetoxAOE · wall_segment Palisade Wall x1 |
| 8:43 | DL | Tortafuller · first_building Barracks |
| 9:06 | nordap · first_building Barracks |
| 10:09 | [GDL] Nicky · first_building Dock |
| 10:56 | [GDL] MancazoPaTodo! · first_building Barracks |
| 10:57 | nordap · age_up feudal |
| 11:01 | nordap · first_building Stable |
| 11:25 | [GDL] MancazoPaTodo! · age_up feudal |
| 11:35 | [GDL] Nicky · wall_segment Palisade Wall x1 |
| 11:53 | [GDL] MancazoPaTodo! · first_building Archery Range |
| 12:01 | [GDL]BetoxAOE · first_building Barracks |
| 12:07 | [GDL] MancazoPaTodo! · wall_segment Palisade Wall x5 |
| 12:12 | [GDL] Nicky · wall_segment Palisade Wall x1 |
| 12:15 | [GDL]BetoxAOE · age_up feudal |
| 12:27 | [GDL] MancazoPaTodo! · wall_segment Palisade Wall x11 |
| 12:28 | nordap · wall_segment Palisade Wall x7 |
| 12:29 | [GDL] Nicky · wall_segment Palisade Wall x1 |
| 12:29 | [GDL] Nicky · wall_segment Palisade Wall x1 |
| 12:30 | [GDL] Nicky · wall_segment Palisade Wall x1 |
| 12:35 | [GDL] Nicky · wall_segment Palisade Wall x1 |
| 12:36 | [GDL] Nicky · wall_segment Palisade Wall x1 |
| 12:38 | [GDL] Nicky · wall_segment Palisade Wall x1 |
| 12:39 | DL | Tortafuller · age_up feudal |
| 12:44 | DL | Tortafuller · first_building Stable |
| 12:48 | VENÓN | Kevin · age_up feudal |
| 12:49 | VENÓN | Kevin · wall_segment Palisade Wall x1 |
| 12:52 | [GDL]BetoxAOE · first_building Stable |
| 13:12 | DL | Tortafuller · wall_segment Palisade Wall x4 |
| 13:15 | DS_TheHeartless · age_up feudal |
| 13:16 | DL | Tortafuller · wall_segment Palisade Wall x7 |
| 13:16 | DS_Moai · first_building Barracks |
| 13:39 | DS_Moai · age_up feudal |
| 13:41 | [GDL] MancazoPaTodo! · wall_segment Palisade Wall x3 |
| 14:24 | DS_Moai · first_building Archery Range |
| 14:36 | [GDL] Nicky · age_up feudal |
| 14:38 | VENÓN | Kevin · wall_segment Stone Wall x1 |
| 14:39 | VENÓN | Kevin · wall_segment Stone Wall x1 |
| 14:45 | nordap · wall_segment Palisade Wall x4 |
| 14:46 | VENÓN | Kevin · wall_segment Stone Wall x1 |
| 14:48 | nordap · wall_segment Palisade Wall x2 |
| 14:49 | [GDL] MancazoPaTodo! · wall_segment Palisade Wall x1 |
| 14:49 | [GDL] MancazoPaTodo! · wall_segment Palisade Wall x1 |
| 15:10 | nordap · wall_segment Palisade Wall x1 |
| 15:12 | nordap · wall_segment Palisade Wall x1 |
| 15:13 | nordap · wall_segment Palisade Wall x1 |
| 15:20 | DS_TheHeartless · wall_segment Palisade Wall x1 |
| 15:22 | DS_TheHeartless · wall_segment Palisade Wall x1 |
| 15:23 | nordap · wall_segment Palisade Wall x1 |
| 15:24 | DS_TheHeartless · wall_segment Palisade Wall x1 |
| 15:26 | DS_TheHeartless · wall_segment Palisade Wall x1 |
| 15:27 | DS_TheHeartless · wall_segment Palisade Wall x1 |
| 15:27 | VENÓN | Kevin · wall_segment Palisade Wall x1 |
| 15:28 | VENÓN | Kevin · wall_segment Palisade Wall x1 |
| 15:30 | DS_TheHeartless · wall_segment Palisade Wall x1 |
| 15:35 | DS_TheHeartless · wall_segment Palisade Wall x1 |
| 15:36 | DS_TheHeartless · wall_segment Palisade Wall x1 |
| 15:37 | VENÓN | Kevin · first_market_buy 100 wood |
| 15:39 | VENÓN | Kevin · wall_segment Palisade Wall x1 |
| 15:46 | DS_TheHeartless · wall_segment Palisade Wall x1 |
| 15:47 | DS_TheHeartless · wall_segment Palisade Wall x1 |
| 15:47 | VENÓN | Kevin · wall_segment Palisade Wall x1 |
| 15:48 | DS_TheHeartless · wall_segment Palisade Wall x1 |
| 15:49 | DS_TheHeartless · wall_segment Palisade Wall x1 |
| 15:50 | DS_TheHeartless · wall_segment Palisade Wall x1 |
| 15:51 | DS_TheHeartless · wall_segment Palisade Wall x1 |
| 15:53 | DS_TheHeartless · wall_segment Palisade Wall x2 |
| 15:54 | nordap · first_building Archery Range |
| 15:55 | DS_TheHeartless · wall_segment Palisade Wall x1 |
| 16:00 | DS_Moai · wall_segment Palisade Wall x1 |
| 16:01 | DS_TheHeartless · wall_segment Palisade Wall x1 |
| 16:02 | DS_TheHeartless · wall_segment Palisade Wall x1 |
| 16:06 | DS_Moai · wall_segment Palisade Wall x1 |
| 16:17 | DS_TheHeartless · wall_segment Palisade Wall x1 |
| 16:32 | VENÓN | Kevin · age_up castle |
| 16:49 | nordap · first_market_buy 100 food |
| 16:49 | DS_TheHeartless · age_up castle |
| 16:50 | nordap · first_market_sell 100 wood |
| 16:55 | DS_TheHeartless · first_building Castle |
| 17:09 | VENÓN | Kevin · first_building Barracks |
| 17:12 | DS_TheHeartless · first_market_buy 100 food |
| 17:15 | [GDL] Nicky · wall_segment Palisade Wall x1 |
| 17:26 | [GDL] Nicky · wall_segment Palisade Wall x1 |
| 17:32 | DS_TheHeartless · wall_segment Palisade Wall x1 |
| 17:34 | [GDL] Nicky · first_building Barracks |
| 17:52 | VENÓN | Kevin · wall_segment Palisade Wall x1 |
| 17:54 | VENÓN | Kevin · wall_segment Palisade Wall x1 |
| 18:20 | [GDL] Nicky · first_building Archery Range |
| 18:54 | DS_TheHeartless · first_market_sell 100 stone |
| 18:59 | [GDL]BetoxAOE · wall_segment Palisade Wall x1 |
| 18:59 | [GDL]BetoxAOE · wall_segment Palisade Wall x1 |
| 19:03 | nordap · wall_segment Palisade Wall x1 |
| 19:04 | DS_TheHeartless · wall_segment Palisade Wall x1 |
| 19:04 | nordap · wall_segment Palisade Wall x1 |
| 19:19 | [GDL] Nicky · age_up castle |
| 20:22 | nordap · wall_segment Palisade Wall x1 |
| 20:28 | nordap · wall_segment Palisade Wall x1 |
| 20:31 | nordap · age_up castle |
| 21:09 | VENÓN | Kevin · first_market_sell 100 wood |
| 21:12 | nordap · wall_segment Palisade Wall x1 |
| 21:13 | VENÓN | Kevin · first_building Castle |
| 21:36 | DS_Moai · wall_segment Palisade Wall x9 |
| 21:47 | [GDL] MancazoPaTodo! · first_building Stable |
| 22:08 | DL | Tortafuller · wall_segment Palisade Wall x3 |
| 22:21 | DS_Moai · first_market_sell 100 stone |
| 22:23 | DS_Moai · first_market_buy 100 food |
| 22:43 | nordap · wall_segment Palisade Wall x1 |
| 22:55 | [GDL] Nicky · first_building Stable |
| 24:23 | [GDL] Nicky · first_market_sell 100 food |
| 24:23 | [GDL] Nicky · first_market_buy 100 wood |
| 24:32 | [GDL]BetoxAOE · wall_segment Stone Wall x2 |
| 24:32 | DS_TheHeartless · wall_segment Palisade Wall x1 |
| 24:35 | [GDL]BetoxAOE · wall_segment Stone Wall x1 |
| 24:36 | [GDL]BetoxAOE · wall_segment Stone Wall x3 |
| 24:39 | [GDL]BetoxAOE · wall_segment Stone Wall x3 |
| 24:40 | [GDL]BetoxAOE · wall_segment Stone Wall x1 |
| 24:48 | DL | Tortafuller · first_market_sell 100 wood |
| 24:50 | DL | Tortafuller · first_market_buy 100 food |
| 25:06 | DL | Tortafuller · wall_segment Stone Wall x1 |
| 25:20 | DL | Tortafuller · wall_segment Palisade Wall x1 |
| 25:34 | DL | Tortafuller · wall_segment Palisade Wall x1 |
| 25:35 | DL | Tortafuller · wall_segment Palisade Wall x1 |
| 25:37 | DS_Moai · age_up castle |
| 25:57 | DS_Moai · first_building Castle |
| 26:28 | DS_Moai · wall_segment Palisade Wall x1 |
| 26:45 | [GDL] MancazoPaTodo! · first_market_buy 100 food |
| 26:49 | [GDL] MancazoPaTodo! · first_market_sell 100 wood |
| 27:10 | VENÓN | Kevin · tribute_sent a jugador 1 |
| 27:10 | VENÓN | Kevin · tribute_sent a jugador 2 |
| 27:10 | VENÓN | Kevin · tribute_sent a jugador 3 |
| 27:10 | VENÓN | Kevin · tribute_sent a jugador 4 |
| 27:10 | VENÓN | Kevin · tribute_sent a jugador 5 |
| 27:10 | VENÓN | Kevin · tribute_sent a jugador 6 |
| 27:10 | VENÓN | Kevin · tribute_sent a jugador 7 |
| 27:12 | [GDL] Nicky · tribute_sent a jugador 1 |
| 27:12 | [GDL] Nicky · tribute_sent a jugador 3 |
| 27:12 | [GDL] Nicky · tribute_sent a jugador 4 |
| 27:12 | [GDL] Nicky · tribute_sent a jugador 5 |
| 27:12 | [GDL] Nicky · tribute_sent a jugador 6 |
| 27:12 | [GDL] Nicky · tribute_sent a jugador 7 |
| 27:12 | [GDL] Nicky · tribute_sent a jugador 8 |
| 27:24 | DL | Tortafuller · wall_segment Palisade Wall x1 |
| 27:36 | nordap · wall_segment Palisade Wall x1 |
| 27:37 | DL | Tortafuller · age_up castle |
| 28:44 | [GDL] Nicky · wall_segment Palisade Wall x1 |
| 28:45 | [GDL] Nicky · wall_segment Palisade Wall x1 |
| 28:50 | [GDL] Nicky · wall_segment Palisade Wall x1 |
| 29:33 | DL | Tortafuller · wall_segment Stone Wall x1 |
| 29:42 | [GDL] MancazoPaTodo! · age_up castle |
| 29:56 | [GDL] MancazoPaTodo! · first_building Castle |
| 29:57 | DL | Tortafuller · wall_segment Stone Wall x1 |
| 30:24 | DL | Tortafuller · wall_segment Palisade Wall x1 |
| 30:30 | DL | Tortafuller · wall_segment Stone Wall x1 |
| 30:44 | [GDL]BetoxAOE · age_up castle |
| 30:53 | VENÓN | Kevin · first_building Siege Workshop |
| 30:54 | DS_Moai · wall_segment Stone Wall x2 |
| 31:03 | VENÓN | Kevin · wall_segment Stone Wall x1 |
| 32:14 | [GDL] Nicky · first_building Castle |
| 32:30 | [GDL] MancazoPaTodo! · first_building Siege Workshop |
| 32:43 | nordap · first_building Castle |
| 33:57 | VENÓN | Kevin · wall_segment Stone Wall x1 |
| 34:53 | DL | Tortafuller · wall_segment Palisade Wall x1 |
| 35:13 | DL | Tortafuller · wall_segment Palisade Wall x1 |
| 35:15 | DL | Tortafuller · wall_segment Palisade Wall x1 |
| 35:17 | DL | Tortafuller · wall_segment Palisade Wall x1 |
| 36:16 | [GDL]BetoxAOE · first_building Monastery |
| 36:58 | [GDL] Nicky · wall_segment Palisade Wall x1 |
| 37:00 | [GDL] Nicky · wall_segment Palisade Wall x1 |
| 37:01 | DS_Moai · first_building Stable |
| 37:22 | DL | Tortafuller · first_building Castle |
| 37:29 | VENÓN | Kevin · tribute_sent a jugador 1 |
| 37:29 | VENÓN | Kevin · tribute_sent a jugador 2 |
| 37:29 | VENÓN | Kevin · tribute_sent a jugador 3 |
| 37:29 | VENÓN | Kevin · tribute_sent a jugador 4 |
| 37:29 | VENÓN | Kevin · tribute_sent a jugador 5 |
| 37:29 | VENÓN | Kevin · tribute_sent a jugador 6 |
| 37:29 | VENÓN | Kevin · tribute_sent a jugador 7 |
| 38:04 | [GDL] MancazoPaTodo! · first_building Monastery |
| 38:26 | DS_TheHeartless · first_building Monastery |
| 39:05 | DL | Tortafuller · first_building Monastery |
| 40:01 | DS_TheHeartless · age_up imperial |
| 40:20 | [GDL]BetoxAOE · first_market_buy 100 food |
| 40:49 | [GDL]BetoxAOE · first_market_sell 100 food |
| 41:20 | [GDL] Nicky · age_up imperial |
| 41:56 | DL | Tortafuller · first_building Siege Workshop |
| 43:33 | DS_Moai · tribute_sent a jugador 1 |
| 43:33 | DS_Moai · tribute_sent a jugador 2 |
| 43:33 | DS_Moai · tribute_sent a jugador 3 |
| 43:33 | DS_Moai · tribute_sent a jugador 4 |
| 43:33 | DS_Moai · tribute_sent a jugador 5 |
| 43:33 | DS_Moai · tribute_sent a jugador 6 |
| 43:33 | DS_Moai · tribute_sent a jugador 8 |
| 43:46 | nordap · wall_segment Stone Wall x9 |
| 43:47 | nordap · wall_segment Stone Wall x1 |
| 43:50 | nordap · wall_segment Stone Wall x14 |
| 43:52 | nordap · wall_segment Stone Wall x4 |
| 44:25 | DS_Moai · first_building Siege Workshop |
| 44:50 | DS_Moai · age_up imperial |
| 46:29 | DS_TheHeartless · tribute_sent a jugador 2 |
| 46:29 | DS_TheHeartless · tribute_sent a jugador 3 |
| 46:29 | DS_TheHeartless · tribute_sent a jugador 4 |
| 46:29 | DS_TheHeartless · tribute_sent a jugador 5 |
| 46:29 | DS_TheHeartless · tribute_sent a jugador 6 |
| 46:29 | DS_TheHeartless · tribute_sent a jugador 7 |
| 46:29 | DS_TheHeartless · tribute_sent a jugador 8 |
| 46:40 | VENÓN | Kevin · resign |
| 46:48 | DL | Tortafuller · age_up imperial |
| 46:55 | nordap · age_up imperial |
[ AI ANALYSIS · 1 CREDIT ]
What really happened in this match?
Wolo.gg analyzes every decision: build order, eco, micro, common mistakes by bracket. Personalized analysis on WhatsApp or Discord in 30 seconds.
Civ guide
Georgians
Perfil
Jugador #5540767